 Dungeon Crawl Stone Soup version 0.23.2-40-g277498a001 (webtiles) character file.

Game seed: 2430537585588982801

2475 Exodus22XD the Cleaver (level 9, -2/78 HPs)
             Began as a Minotaur Fighter on Sept 6, 2019.
             Was a Follower of Ru.
             Slain by an unseen horror (8 damage)
             ... on level 7 of the Dungeon.
             The game lasted 00:09:50 (5134 turns).

Exodus22XD the Cleaver (Minotaur Fighter)           Turns: 5134, Time: 00:09:51

Health: -2/78      AC: 11    Str: 24    XL:     9   Next: 27%
Magic:  8/8        EV:  8    Int:  5    God:    Ru [*.....]
Gold:   291        SH: 13    Dex: 10    Spells: 8/8 levels left

rFire    . . .     SeeInvis .   a - +0 war axe
rCold    . . .     Gourm    .   h - +2 shield
rNeg     + + .     Faith    .   b - +0 scale mail
rPois    .         Spirit   .   (helmet restricted)
rElec    .         Reflect  .   G - +0 cloak
rCorr    .         Harm     .   g - +0 pair of gloves
MR       .....                  I - +0 pair of boots (curse)
Stlth    ..........             (no amulet)
HPRegen  0.23/turn              A - ring of positive energy
MPRegen  0.11/turn              F - ring of positive energy

@: no status effects
A: retaliatory headbutt, horns 2, inability to train dodging
a: Renounce Religion


You were on level 7 of the Dungeon.
You worshipped Ru.
Ru was aware of your devotion.
You were not hungry.

You visited 1 branch of the dungeon, and saw 7 of its levels.
You also visited: Ossuary.

You collected 291 gold pieces.

Inventory:

Hand Weapons
 a - a +0 war axe (weapon)
 y - a +3 flail of holy wrath
Armour
 b - a +0 scale mail (worn)
 g - a +0 pair of gloves (worn)
 h - a +2 shield (worn)
 G - a +0 cloak (worn)
 I - a cursed +0 pair of boots (worn)
Jewellery
 A - a ring of positive energy (left hand)
 F - a ring of positive energy (right hand)
 J - an uncursed ring of ice
Wands
 c - a wand of disintegration (8)
 v - a wand of random effects (20)
Scrolls
 i - 4 scrolls of teleportation
 j - 2 scrolls of blinking
 m - a scroll of amnesia
 o - a scroll of enchant weapon
 p - 4 scrolls of remove curse
 s - 2 scrolls of fog {unknown}
 x - a scroll of enchant armour {unknown}
 z - a scroll of fear {unknown}
 B - 3 scrolls of immolation
 C - a scroll of noise {unknown}
Potions
 d - a potion of might
 e - 5 potions of curing
 k - 9 potions of heal wounds
 l - 3 potions of lignification
 n - 2 potions of cancellation {unknown}
 q - 5 potions of mutation
 r - a potion of magic
 u - 2 potions of ambrosia {unknown}
 w - 5 potions of berserk rage {unknown}
 D - a potion of degeneration {unknown}
 E - 2 potions of flight {unknown}
 H - a potion of haste {unknown}
Comestibles
 f - 11 rations
 t - 5 chunks of flesh


   Skills:
 + Level 6.8 Fighting
 + Level 10.6 Axes
 + Level 6.9 Armour
 + Level 7.4 Shields


You had 8 spell levels left.
You didn't know any spells.
Your spell library was empty.

Dungeon Overview and Level Annotations

Branches:
Dungeon (7/15)             Temple (0/1) D:5

Altars:
Elyvilon
Fedhas
Okawaru
Ru
Sif Muna
Vehumet
Wu Jian
Zin


Innate Abilities, Weirdness & Mutations

You reflexively headbutt those who attack you in melee.
You have a pair of horns on your head.
You cannot train Dodging skill.


Message History

You barely miss something. Your headbutt misses something.
Something hits you but does no damage. Something hits you!
Something hits you but does no damage. Something hits you.
You hit something but do no damage. Something hits you.
You block something's attack. Something hits you but does no damage.
You slash something! Something hits you!
You closely miss something. You headbutt something. Something hits you.
Something hits you. Something hits you. Something hits you!
* * * LOW HITPOINT WARNING * * *
You slash something! Something hits you!
* * * LOW HITPOINT WARNING * * *
Something hits you.
* * * LOW HITPOINT WARNING * * *
Something hits you but does no damage. Something hits you!
You die...

#.#..<....##
#.#.#..##.#
#.#.##.##.#
..#.##.##.# .
#.##.#..#
#.##.#.##
#......#
###...######
####...@....#
#....######.##
##.##.# #..#
##..##.# ##...#
### #..###.#
##.#
..######.####.#
.#
#.............#
#
#######.#######
#..#


There were no monsters in sight!

Vanquished Creatures
  Pikel (D:7)
  A water moccasin (D:7)
  A phantom (D:5)
  An orc warrior (D:6)
  An ogre (D:6)
  2 centaurs
  2 bullfrogs
  4 water moccasin zombies (Ossuary)
  3 scorpions
  2 howler monkeys (D:6)
  A crimson imp (D:5)
  5 hounds
  2 jellies (D:6)
  2 centaur skeletons (D:4)
  Crazy Yiuf (D:6)
  2 worker ants (D:6)
  An iguana (D:6)
  Natasha (thrice) (D:3)
  3 orc wizards
  A big kobold zombie (Ossuary)
  A hound skeleton (D:6)
  A mummy (Ossuary)
  A howler monkey skeleton (D:5)
  10 adders
  6 adder zombies (Ossuary)
  An adder skeleton (D:3)
  5 worms
  5 dart slugs
  A leopard gecko (D:4)
  11 orcs
  2 ball pythons
  6 giant cockroaches
  5 hobgoblins
  17 jackals
  6 quokkas
  8 bats
  4 frilled lizards
  2 gnoll zombies (Ossuary)
  16 goblins
  5 hobgoblin zombies (Ossuary)
  A jackal skeleton (D:6)
  9 kobolds
  3 kobold zombies (Ossuary)
  A leopard gecko zombie (D:6)
  6 orc zombies (Ossuary)
  9 rats
  A bush (D:6)
182 creatures vanquished.

Vanquished Creatures (others)
  A worker ant (D:7)
  A mummy (Ossuary)
2 creatures vanquished.

Grand Total: 184 creatures vanquished

Notes
Turn   | Place    | Note
-------+----------+-------------------------------------------
     0 | D:1      | Exodus22XD the Minotaur Fighter began the quest for the
                  | Orb.
     0 | D:1      | Reached XP level 1. HP: 19/19 MP: 0/0
    98 | D:1      | Reached XP level 2. HP: 27/27 MP: 1/1
   684 | D:2      | Reached skill level 3 in Axes
   789 | D:2      | Reached XP level 3. HP: 28/33 MP: 2/2
  1012 | D:2      | Reached XP level 4. HP: 26/40 MP: 3/3
  1463 | D:3      | Reached skill level 4 in Axes
  1584 | D:3      | Reached XP level 5. HP: 25/46 MP: 4/4
  1591 | D:3      | Found a deep blue altar of Sif Muna.
  1903 | D:3      | Noticed Natasha
  1919 | D:3      | Killed Natasha
  1919 | D:3      | Reached skill level 5 in Axes
  2001 | D:3      | Reached skill level 1 in Dodging
  2141 | D:3      | Noticed Natasha
  2148 | D:3      | Killed Natasha
  2148 | D:3      | Reached XP level 6. HP: 43/53 MP: 5/5
  2266 | D:3      | Noticed Natasha
  2272 | D:3      | Killed Natasha
  2295 | D:3      | Reached skill level 5 in Armour
  2538 | D:4      | Found an iron altar of Okawaru.
  2658 | D:4      | Reached skill level 6 in Axes
  2658 | D:4      | Reached skill level 5 in Shields
  2927 | D:4      | Found a sacrificial altar of Ru.
  2928 | D:4      | Found a radiant altar of Vehumet.
  2933 | D:4      | Became a worshipper of Ru the Awakened
  2972 | D:5      | Entered Level 5 of the Dungeon
  3004 | D:5      | Found an ornate altar of the Wu Jian Council.
  3043 | D:5      | Reached XP level 7. HP: 60/60 MP: 6/6
  3086 | D:5      | Found a white marble altar of Elyvilon.
  3159 | D:5      | Reached skill level 5 in Fighting
  3159 | D:5      | Reached skill level 7 in Axes
  3257 | D:5      | Found a staircase to the Ecumenical Temple.
  3438 | D:6      | Found a sand-covered staircase.
  3470 | Ossuary  | Entered an ossuary
  3498 | Ossuary  | Reached skill level 8 in Axes
  3498 | Ossuary  | Reached XP level 8. HP: 69/69 MP: 7/7
  3505 | Ossuary  | Gained mutation: You cannot train Dodging skill. [Ru
                  | sacrifice]
  3505 | Ossuary  | Reached * piety under Ru
  3689 | D:6      | Reached skill level 9 in Axes
  4187 | D:6      | Found a blossoming altar of Fedhas.
  4625 | D:6      | Found a glowing silver altar of Zin.
  4944 | D:6      | Found a runed translucent door.
  4945 | D:6      | Noticed Crazy Yiuf
  4951 | D:6      | Killed Crazy Yiuf
  4981 | D:7      | Noticed Pikel
  4992 | D:7      | Killed Pikel
  4992 | D:7      | Reached skill level 10 in Axes
  4992 | D:7      | Reached XP level 9. HP: 72/78 MP: 8/8
  5134 | D:7      | Slain by an unseen horror

Skill      XL: |  1  2  3  4  5  6  7  8 |
---------------+-------------------------+-----
Shields        | 4 5 7 |  7.4
Axes           | 3 4 5 6 8 10 | 10.6
Armour         | 4 5 6 |  6.9
Fighting       | 4 5 6 |  6.8
Dodging        | 1 0 |  0.0

Action                   |  1- 3 |  4- 6 |  7- 9 || total
-------------------------+-------+-------+-------++-------
Melee: War axe           |    89 |   158 |   258 ||   505
       Headbutt          |    16 |    19 |    49 ||    84
Invok: Sacrifice Nimblen |       |       |     1 ||     1
  Use: Scroll            |       |     4 |     7 ||    11
  Eat: Chunk             |       |     7 |     7 ||    14
Armor: Scale mail        |    51 |    76 |    70 ||   197
Dodge: Dodged            |    29 |    68 |    56 ||   153
Block: Shield            |    58 |    85 |   129 ||   272
